 Dungeon Crawl Stone Soup version 0.20.1-1-g8b1a95d (webtiles) character file.

53 Monsterracer the Conjurer (level 3, 14/14 HPs)
             Began as a Felid Conjurer on Sept 8, 2017.
             Quit the game on level 3 of the Dungeon.
             The game lasted 00:04:05 (2796 turns).

Monsterracer the Conjurer (Felid Conjurer)          Turns: 2796, Time: 00:04:05

Health: 14/14      AC:  1    Str:  4    XL:     3   Next: 64%
Magic:  8/8        EV: 18    Int: 17    God:
Gold:   133        SH:  0    Dex: 16    Spells: 1/8 levels left
                                        Lives:  0   Deaths: 1

rFire    + . .     SeeInvis +   (weapon unavailable)
rCold    . . .     Gourm    .   (shield unavailable)
rNeg     . . .     Faith    .   (armour unavailable)
rPois    .         Spirit   .   (helmet unavailable)
rElec    .         Reflect  .   (cloak unavailable)
rCorr    .         Harm     .   (gloves unavailable)
MR       .....                  (boots unavailable)
Stlth    +++.......             (no amulet)
Regen    0.1/turn               e - ring of protection from fire
MPRegen  0.2/turn               (no ring)

@: quick
A: no armour, no weapons or thrown items, stealth, claws 1, fangs 3, see
invisible, carnivore 3, speed 1, shaggy fur 1, slow metabolism 1, sharp paws
a: no special abilities


You were on level 3 of the Dungeon.
You were not hungry.

You visited 1 branch of the dungeon, and saw 4 of its levels.

You collected 133 gold pieces.

Inventory:

Jewellery
 e - a ring of protection from fire (left paw)
Scrolls
 c - 2 scrolls of recharging {unknown}
 g - a scroll of magic mapping {unknown}
 i - 2 scrolls of identify {unknown}
 k - a scroll of random uselessness {unknown}
 l - 2 scrolls of remove curse {unknown}
 n - a scroll of enchant weapon {unknown}
 o - 2 scrolls of enchant armour {unknown}
 q - a scroll of fog {unknown}
 r - a scroll of teleportation {unknown}
Potions
 d - a potion of might {unknown}
 f - a potion of curing {unknown}
 h - a potion of degeneration {unknown}
 j - 3 potions of mutation {unknown}
 m - 2 potions of lignification {unknown}
 p - a potion of brilliance {unknown}
 t - a potion of invisibility {unknown}
Books
 a - a book of Conjurations

   Spells                             Type                      Level
   a - Magic Dart                     Conjuration                  1
   b - Searing Ray                    Conjuration                  2
   c - Dazzling Spray                 Conjuration/Hexes            3
   d - Fulminant Prism                Conjuration/Hexes            4
   e - Force Lance                    Conjuration/Translocation    4
   f - Iskenderun's Mystic Blast      Conjuration                  4
Comestibles
 b - 2 meat rations
 s - 2 royal jellies


   Skills:
 - Level 2.6 Dodging
 - Level 2.6 Stealth
 + Level 3.1 Spellcasting
 * Level 4.8 Conjurations
 + Level 1.1 Hexes


You had one spell level left.
You knew the following spells:

 Your Spells              Type           Power        Failure   Level  Hunger
a - Magic Dart            Conj           ###.         2%          1    None
b - Searing Ray           Conj           ###...       3%          2    ##.....
c - Fulminant Prism       Conj/Hex       ##........   45%         4    ####...


Dungeon Overview and Level Annotations

Branches:
Dungeon (4/15)
 Temple: D:4-7

Altars:
Gozag


Innate Abilities, Weirdness & Mutations

You cannot wear armour.
You are incapable of wielding weapons or throwing items.
Your paws allow you to move quietly. (Stealth)
You have sharp claws.
You have razor-sharp teeth.
You have supernaturally acute eyesight. (SInv)
You are carnivorous and can eat meat at any time.
You cover ground quickly.
You are covered in fur. (AC +1)
You have a slow metabolism.
Your sharp claws are effective at attacking unaware monsters.


Message History

The orc priest is severely wounded. (Press . to maintain the ray.)
The orc priest completely misses you.
The searing ray misses the orc priest.
* * * LOW MAGIC WARNING * * *
The orc priest closely misses you.
The searing ray hits the orc priest.
The orc priest is almost dead.
* * * LOW MAGIC WARNING * * *
The orc priest calls down the wrath of Beogh upon you.
Pain shoots through your body!
* * * LOW HITPOINT WARNING * * *
Huge Dmg: -11%(-2hp) hp: 34%(6hp)
You scratch the orc priest but do no damage.
The orc priest is almost dead.
The orc priest hits you with a club.
You die...
You are now level 3!
You rejoin the land of the living...
Are you sure you want to abandon this character and quit the game? (Confirm with "yes".)

#..##.....# #..# #..#####.
#.##....##### ##.# #........
#......#### #>###..<####. #
#..###....# #.......###.. # #.
####.# ##......###..# ### #.#
#.......###.## ..# ..
#.######.#.###.....# ..###.##
#..##..>.....#....##
...##.##.####...@........#....#
........................)..#..#
...##.##.###..............#...#
...##.##..##................#.#
.......##................#.##.#
.).....###..#...............#.#
.......#
#...##...รท...........#
...[...###.#....#...........#.#
......[....#..##......).......#


There were no monsters in sight!

Vanquished Creatures
  3 adders (D:2)
  A gnoll (D:1)
  3 worms (D:2)
  3 dart slugs (D:1)
  3 leopard geckos
  5 orcs (D:3)
  8 bats
  2 giant cockroaches
  4 goblins
  4 hobgoblins
  4 jackals (D:2)
  7 kobolds
  A quokka (D:2)
  4 frilled lizards
  3 rats (D:2)
55 creatures vanquished.

Notes
Turn   | Place    | Note
-------+----------+-------------------------------------------
     0 | D:1      | Monsterracer the Felid Conjurer began the quest for the Orb.
     0 | D:1      | Reached XP level 1. HP: 7/7 MP: 4/4
   227 | D:1      | Reached skill level 4 in Conjurations
   227 | D:1      | Reached XP level 2. HP: 11/11 MP: 3/6
   717 | D:1      | Reached XP level 3. HP: 14/14 MP: 1/7
   721 | D:1      | Learned a level 2 spell: Searing Ray
  1107 | D:2      | HP: 6/14 [something (8)]
  1384 | D:2      | Reached XP level 4. HP: 16/18 MP: 1/9
  1539 | D:2      | Learned a level 4 spell: Fulminant Prism
  1580 | D:2      | Found an opulent altar of Gozag.
  2083 | D:2      | Reached skill level 1 in Hexes
  2271 | D:3      | HP: 3/18 [orc priest/divine providence (15)]
  2789 | D:3      | HP: 8/18 [orc priest/nerve-wracking pain (10)]
  2794 | D:3      | HP: 6/18 [orc priest/nerve-wracking pain (2)]
  2795 | D:3      | Slain by an orc priest
  2796 | D:3      | Reached XP level 3. HP: 0/14 MP: 0/8
  2796 | D:3      | Quit the game

Skill      XL: |  1  2  3  4 |
---------------+-------------+-----
Conjurations   | 4 |  4.8
Spellcasting   | 3 |  3.1
Hexes          | 1 |  1.1
Dodging        | |  2.6
Stealth        | |  2.6

Action                   |  1- 3 |  4- 6 || total
-------------------------+-------+-------++-------
Melee: Unarmed           |    14 |     6 ||    20
       Bite              |     4 |     1 ||     5
 Cast: Magic Dart        |    50 |    47 ||    97
       Searing Ray       |     3 |     5 ||     8
 Stab: Sleeping          |       |     1 ||     1
  Eat: Chunk             |     9 |     2 ||    11
Armor: Skin              |     2 |     1 ||     3
Dodge: Dodged            |    28 |    11 ||    39
